 Dungeon Crawl Stone Soup version 0.32-a0-470-g255bbe2 (webtiles) character file.

Game seed: 14964822169224012423

7 Dorkslayer the Slasher (level 2, -1/22 HPs)
             Began as a Coglin Gladiator on Feb 25, 2024.
             Slain by a jackal (3 damage)
             ... on level 1 of the Dungeon.
             The game lasted 00:00:55 (113 turns).

Dorkslayer the Slasher (Coglin Gladiator)            Turns: 113, Time: 00:00:55

Health: -1/22      AC:  4    Str: 14    XL:     2   Next: 4%
Magic:  2/2        EV: 12    Int:  7    God:
Gold:   9          SH:  0    Dex: 15    Spells: 1/1 levels left

rFire   . . .        a - +0 long sword {Luis}
rCold   . . .        (no shield)
rNeg    . . .        b - +0 leather armour
rPois   .            c - +0 helmet
rElec   .            (no cloak)
rCorr   .            (no gloves)
SInv    .            (no boots)
Will    .....        (no amulet)
Stlth   +            (ring unavailable)
HPRegen 0.23/turn    (ring unavailable)
MPRegen 0.08/turn

%: no passive effects
@: revved
A: off-hand wielding, slow wielding, warmup strikes, no rings
a: no special abilities


You were on level 1 of the Dungeon.
You visited 1 branch of the dungeon, and saw 1 of its levels.

You collected 9 gold pieces.

Inventory:

Hand Weapons
 a - a +0 long sword (weapon) {Luis}
Missiles
 d - 3 throwing nets (quivered)
 e - a javelin
Armour
 b - a +0 leather armour (worn)
 c - a +0 helmet (worn)
Scrolls
 f - a scroll of immolation {unknown}
 g - a scroll of identify {unknown}
 h - a scroll of fear {unknown}


   Skills:
 + Level 2.0 Fighting
 + Level 3.2 Long Blades
 + Level 1.8 Throwing
 + Level 2.9 Dodging


You had one spell level left.
You didn't know any spells.
Your spell library contained the following spells:

 Spells                   Type           Power      Damage    Failure   Level
 Inner Flame              Hex/Fire       0%         N/A       87%         3
 Irradiate                Conj/Alch      0%         3d11      100%        5
 Ignition                 Fire           0%         3d3       100%        8


Dungeon Overview and Level Annotations

Branches:
Dungeon (1/15)

Altars:


Innate Abilities, Weirdness & Mutations

You can wield a second weapon in your off-hand.
It takes a long time for you to wield or remove held weapons.
Your first few attacks do less damage.
Your grasper-arms cannot wear rings.


Message History

The quokka barely misses you.
The jackal bites you but does no damage.
The jackal bites you. The quokka completely misses you.
You closely miss the quokka.
The jackal bites you but does no damage.
The jackal misses you. The quokka misses you.
The jackal bites you but does no damage.
The jackal closely misses you.
You barely miss the quokka. The jackal closely misses you.
The quokka completely misses you.
The jackal bites you but does no damage.
The jackal barely misses you.
The quokka twitches its whiskers.
The quokka bites you but does no damage.
The jackal barely misses you.
You slash the quokka!
You kill the quokka!
The jackal closely misses you. The jackal bites you. The jackal misses you.
The jackal barely misses you.
Things that are here:
a quokka corpse; a jackal corpse You hit the jackal but do no damage.
The jackal barely misses you.
You slash the jackal!
You kill the jackal!
The jackal bites you.
You slash the endoplasm!
You kill the endoplasm!
The jackal bites you.
* * * LOW HITPOINT WARNING * * *
The jackal closely misses you.
You have reached level 2!
You hit the endoplasm.
The endoplasm is heavily wounded.
The jackal bites you but does no damage.
The jackal bites you.
* * * LOW HITPOINT WARNING * * *
The jackal bites you.
* * * LOW HITPOINT WARNING * * *
The endoplasm barely misses you. The jackal bites you.
You die...

#...## #. #. #.### #.#.##
.###. ..#.# #.#.##
....>####.#.#.####.#.##
#+#.....................
# ........#.#.#.####.#.##
#...........#.#........##
#....#.##h..#.######...##
#.....h@J.............##
###.#.###..#.....###..##
#.........#..# #....
#...#h.......# ##.##
#.#..#......## ...
#.##h#...#.... ... ..
...........# +##
#......#.#.#... ... ...


You could see an endoplasm and 2 jackals.

Vanquished Creatures
  2 endoplasms (D:1)
  2 jackals (D:1)
  A quokka (D:1)
  A bat (D:1)
6 creatures vanquished.

Notes
Turn   | Place    | Note
-------+----------+-------------------------------------------
     0 | D:1      | Dorkslayer the Coglin Gladiator began the quest for the
                  | Orb.
     0 | D:1      | Reached XP level 1. HP: 16/16 MP: 1/1
   113 | D:1      | Reached XP level 2. HP: 5/22 MP: 2/2
   113 | D:1      | Slain by a jackal

Illustrated notes

Levels and vault maps discovered:
D:1:      minmay_arrival_radiant_lines, layout_basic,
          ebering_ecumenical_altar_box, grunt_decor_arrowhead

Action                     || total
---------------------------++-------
  Melee: Long sword        ||    22
 Armour: Leather armour    ||    27
  Dodge: Dodged            ||    39

Table legend: (Time is in decaauts)
 A = Elapsed time spent in this place.
 B = Non-inter-level travel time spent in this place.
 C = Inter-level travel time spent in this place.
 D = Time resting spent in this place.
 E = Time spent auto-exploring this place.
 F = Levels seen in this place.
 G = Mean time per level.
                   A        B        C        D        E       F      G
               +--------+--------+--------+--------+--------+-----+--------+
         Total |    118 |    118 |      0 |      0 |     60 |   1 |  118.0 |
       Dungeon |    118 |    118 |      0 |      0 |     60 |   1 |  118.0 |
               +--------+--------+--------+--------+--------+-----+--------+

Top non-repeatable levels by time:
     D:1: 118 daAuts
